 Dungeon Crawl Stone Soup version 0.29-a0-67-g1d65ae1bb4 (webtiles) character file.

Game seed: 17481360422313336672

32 Bosse the Skirmisher (level 3, 0/29 HPs)
             Began as a Demonspawn Abyssal Knight on Feb 3, 2022.
             Was a Follower of Lugonu.
             Slain by Ijyb (3 damage)
             ... on level 3 of the Dungeon.
             The game lasted 00:04:24 (1516 turns).

Bosse the Skirmisher (Demonspawn Abyssal Knight)    Turns: 1516, Time: 00:04:25

Health: 0/29       AC:  9    Str: 13    XL:     3   Next: 10%
Magic:  4/4        EV: 12    Int: 11    God:    Lugonu [*.....]
Gold:   151        SH:  0    Dex: 15    Spells: 2/2 levels left

rFire   . . .      SeeInvis .   a - +1 hand axe
rCold   . . .      Faith    .   (no shield)
rNeg    . . .      Spirit   .   b - +0 leather armour
rPois   .          Reflect  .   g - +1 hat
rElec   .          Harm     .   d - +2 cloak
rCorr   .          Rampage  .   (no gloves)
Will    .....                   (no boots)
Stlth   +.........              (no amulet)
HPRegen 0.09/turn               (no ring)
MPRegen 0.09/turn               (no ring)

@: no status effects
A: icy blue scales 1, weakness stinger 1
a: Renounce Religion, Depart the Abyss


You were on level 3 of the Dungeon.
You worshipped Lugonu.
Lugonu was aware of your devotion.
You visited 1 branch of the dungeon, and saw 3 of its levels.
You visited the Abyss 1 time.

You collected 151 gold pieces.

Inventory:

Hand Weapons
 a - a +1 hand axe (weapon)
Armour
 b - a +0 leather armour (worn)
 d - a +2 cloak (worn)
 g - a +1 hat (worn)
Scrolls
 c - 3 scrolls of identify {unknown}
 f - a scroll of teleportation {unknown}
 i - a scroll of magic mapping {unknown}
Potions
 e - a potion of berserk rage {unknown}
 h - a potion of haste {unknown}
 j - a potion of mutation {unknown}


   Skills:
 + Level 3.3 Fighting
 + Level 2.2 Axes
 - Level 1.8 Armour
 * Level 2.0 Dodging
 - Level 2.4 Invocations


You had 2 spell levels left.
You didn't know any spells.
Your spell library contained the following spells:

 Spells                   Type           Power      Damage    Failure   Level
 Summon Small Mammal      Summ           0%         N/A       41%         1
 Call Canine Familiar     Summ           0%         N/A       80%         3
 Ozocubu's Armour         Ice            0%         N/A       80%         3
 Summon Guardian Golem    Hex/Summ       0%         N/A       80%         3
 Animate Dead             Necr           0%         N/A       99%         4
 Haunt                    Necr/Summ      0%         N/A       100%        7
 Ozocubu's Refrigeration  Ice            0%         4d5       100%        7
 Infestation              Necr           0%         N/A       100%        8


Dungeon Overview and Level Annotations

Branches:
Dungeon (3/15)

Altars:
Trog

Shops:
D:2 *

Annotations:
D:3 Ijyb


Innate Abilities, Weirdness & Mutations

You are partially covered in icy blue scales. (AC +2)
You have a small tail.


Message History

Done exploring.
There are no items here.
(D) Dungeon
Where to? (Enter - D:2, ? - help)
What level of the Dungeon? (default 1, ? - help)
There is an open door here.
There is a stone staircase leading down here.
You climb downwards.
Found 26 stones and a viscous dark potion.
Found a stone staircase leading down.
There is a stone staircase leading up here.
j - a viscous dark potion You open the door.
Ijyb the Twisted Goblin comes into view.
She is wielding a +0 club and carrying a wand of acid (5).
There is an open door here.
Ijyb closely misses you.
You miss Ijyb. Ijyb hits you but does no damage.
You hit Ijyb but do no damage. Ijyb completely misses you.
You hit Ijyb but do no damage.
Ijyb zaps a wand.
The bolt of acid hits you!!
Ouch! That really hurt!
* * * LOW HITPOINT WARNING * * *
You are too injured to fight recklessly!
You hit Ijyb but do no damage. Ijyb hits you but does no damage.
You hit Ijyb but do no damage. Ijyb misses you. x2
You hit Ijyb but do no damage. Ijyb hits you but does no damage.
You hit Ijyb.
Ijyb is moderately wounded.
Ijyb barely misses you.
You hit Ijyb.
Ijyb is heavily wounded.
Ijyb hits you but does no damage.
You hit Ijyb.
Ijyb is severely wounded.
Ijyb screams, "Me stronger than you!" Ijyb hits you with a +0 club.
* * * LOW HITPOINT WARNING * * *
You closely miss Ijyb.
Your tail-slap misses Ijyb.
You punch Ijyb.
Ijyb is severely wounded.
Ijyb hits you with a +0 club.
You die...

........<.......#
#.......(.......#
................#
......##...(.###
..>...##.....#
...##........#
##.#.........# #
##'##........
#.@.#.........
+.g.+.........
#...#.........
##+##.######+#
..# ..


You could see Ijyb.

Vanquished Creatures
  An adder (D:2)
  6 bats
  An endoplasm (D:2)
  5 giant cockroaches
  2 hobgoblins (D:2)
  A kobold (D:1)
  A quokka (D:2)
  A ball python (D:1)
  4 rats
22 creatures vanquished.

Notes
Turn   | Place    | Note
-------+----------+-------------------------------------------
     0 | Abyss:1  | Bosse the Demonspawn Abyssal Knight began the quest for the
                  | Orb.
     0 | Abyss:1  | Reached XP level 1. HP: 18/18 MP: 2/2
    53 | Abyss:1  | Noticed a small abomination
    55 | Abyss:1  | Noticed a small abomination
    56 | D:1      | Escaped the Abyss
   181 | D:1      | Reached skill level 1 in Dodging
   241 | D:1      | Reached * piety under Lugonu
   276 | D:1      | Gained mutation: You have a small tail. [demonic ancestry]
   276 | D:1      | Reached XP level 2. HP: 22/24 MP: 3/3
   802 | D:2      | Found a bloodstained altar of Trog.
   961 | D:2      | Found Haeluet's Assorted Antiques.
   998 | D:2      | Gained mutation: You are partially covered in icy blue
                  | scales. (AC +2) [demonic ancestry]
   998 | D:2      | Reached XP level 3. HP: 15/29 MP: 4/4
  1215 | D:2      | Found a faded altar of an unknown god.
  1504 | D:3      | Noticed Ijyb
  1516 | D:3      | Slain by Ijyb

Illustrated notes

Levels and vault maps discovered:
D:1:      ncdulo_watergridlock, layout_basic
D:2:      layout_loops_ring, shapermc_ecumenical_altar_flowoftime, serial_shops,
          shop_coins, basic_altar
D:3:      layout_basic, nicolae_overflow_squiral, uniq_ijyb

Skill      XL: |  1  2 |
---------------+-------+-----
Dodging        | 1 2 |  2.0
Axes           | 2 |  2.2
Fighting       | |  3.3
Armour         | |  1.8
Invocations    | |  2.4

Action                   || total
-------------------------++-------
Melee: Hand axe          ||    79
       Tailslap          ||     5
       Punch             ||     1
Invok: Depart the Abyss  ||     1
Armor: Leather armour    ||    38
Dodge: Dodged            ||    56

Table legend: (Time is in decaauts)
 A = Elapsed time spent in this place.
 B = Non-inter-level travel time spent in this place.
 C = Inter-level travel time spent in this place.
 D = Time resting spent in this place.
 E = Time spent auto-exploring this place.
 F = Levels seen in this place.
 G = Mean time per level.
                   A        B        C        D        E       F      G
               +--------+--------+--------+--------+--------+-----+--------+
         Total |   1532 |   1483 |     49 |      0 |   1250 |   4 |  383.0 |
       Dungeon |   1475 |   1426 |     49 |      0 |   1196 |   3 |  491.7 |
         Abyss |     56 |     56 |      0 |      0 |     54 |   1 |   56.0 |
               +--------+--------+--------+--------+--------+-----+--------+

Top non-repeatable levels by time:
     D:2: 1009 daAuts
     D:1: 441 daAuts
 Abyss:1: 56 daAuts
     D:3: 24 daAuts
